 Dungeon Crawl Stone Soup version 0.21.1-1-g345015f (webtiles) character file.

65185 keltmir the Earth Mage (level 15, -6/93 HPs)
             Began as a Gargoyle Earth Elementalist on Apr 3, 2018.
             Was a High Priest of Sif Muna.
             Killed from afar by a wizard (40 damage)
             ... with a crystal spear
             ... on level 13 of the Dungeon.
             The game lasted 01:50:30 (27871 turns).

keltmir the Earth Mage (GrEE)                      Turns: 27871, Time: 01:50:32

Health: -6/93      AC: 24    Str: 17    XL:     15   Next: 15%
Magic:  22/30      EV: 18    Int: 21    God:    Sif Muna [*****.]
Gold:   1566       SH:  4    Dex: 10    Spells: 8/36 levels left

rFire    + . .     SeeInvis +   Q - +4 morningstar
rCold    . . .     Gourm    .   b - +0 buckler
rNeg     + + +     Faith    .   t - +2 ring mail {rC+}
rPois    ∞         Spirit   .   e - +1 hat {SInv}
rElec    +         Reflect  .   s - +2 cloak
rCorr    .         Harm     .   H - +0 pair of gloves
MR       +....                  r - +0 pair of boots
Stlth    ..........             i - amulet of regeneration
HPRegen  0.65/turn              c - ring "Ixaolocu" {Fire *Drain rN++ Str+4 Stlth-}
MPRegen  0.22/turn              v - +5 ring of evasion

@: about to teleport
A: big wings, negative energy resistance 1, electricity resistance, unbreathing,
petrification resistance, rot immunity, AC +11
a: Fly, Divine Energy, Channel Magic, Forget Spell, Renounce Religion


You were on level 13 of the Dungeon.
You worshipped Sif Muna.
Sif Muna was extremely pleased with you.
You were not hungry.

You visited 3 branches of the dungeon, and saw 20 of its levels.
You also visited: Bailey.

You collected 1826 gold pieces.
You spent 260 gold pieces at shops.

Inventory:

Hand Weapons
 I - a +1 whip of electrocution
 Q - a +4 morningstar (weapon)
Missiles
 y - 137 stones (quivered)
Armour
 b - a +0 buckler (worn)
 e - a +1 hat of see invisible (worn)
 r - a +0 pair of boots (worn)
 s - a +2 cloak (worn)
 t - a +2 ring mail of cold resistance (worn)
 H - a +0 pair of gloves (worn)
Jewellery
 c - the ring "Ixaolocu" (left hand) {Fire *Drain rN++ Str+4 Stlth-}
   (You found it on level 6 of the Lair of Beasts)

   [ring of fire]

   It enhances your fire magic.
   It affects your strength (+4).
   It protects you from fire.
   It makes you vulnerable to cold.
   It greatly protects you from negative energy.
   It causes draining when unequipped.
   It makes you less stealthy.
 i - an amulet of regeneration (around neck)
 u - an uncursed ring of protection from magic
 v - a +5 ring of evasion (right hand)
 x - an uncursed ring of protection from fire
 S - an uncursed ring of wizardry
Wands
 f - a wand of flame (47)
 k - a wand of acid (12)
 C - a wand of iceblast (18)
 D - a wand of clouds (1)
 G - a wand of disintegration (14)
 L - a wand of scattershot (1)
 O - a wand of random effects (33)
 V - a wand of digging (10)
 Z - a wand of paralysis (10)
Scrolls
 g - 3 scrolls of teleportation
 h - 2 scrolls of enchant weapon
 l - 5 scrolls of fog
 w - 9 scrolls of amnesia
 E - 8 scrolls of remove curse
 N - a scroll of enchant armour
 R - 2 scrolls of fear
 T - a scroll of brand weapon {unknown}
 U - a scroll of acquirement {unknown}
Potions
 a - 7 potions of curing
 m - 4 potions of flight
 n - 3 potions of haste
 o - 3 potions of mutation
 p - 6 potions of brilliance
 q - 4 potions of might
 z - 2 potions of heal wounds
 B - 4 potions of berserk rage
 J - a potion of lignification
 K - 2 potions of invisibility
 P - a potion of cancellation
 Y - a potion of agility {unknown}
Books
 j - a book of the Tempests

   Spells                             Type                      Level
   a - Static Discharge               Conjuration/Air              3
   b - Lightning Bolt                 Conjuration/Air              5
   c - Ignition                       Fire                         8
   d - Tornado                        Air                          9
   e - Shatter                        Earth                        9
 A - a book of Fire

   Spells                             Type                      Level
   a - Ignite Poison                  Fire/Transmutation/Poison    3
   b - Fireball                       Conjuration/Fire             5
   c - Bolt of Fire                   Conjuration/Fire             6
   d - Ring of Flames                 Charms/Fire                  7
   e - Ignition                       Fire                         8
 M - a book of Power

   Spells                             Type                      Level
   a - Iskenderun's Battlesphere      Conjuration/Charms           5
   b - Venom Bolt                     Conjuration/Poison           5
   c - Bolt of Magma                  Conjuration/Fire/Earth       5
   d - Iron Shot                      Conjuration/Earth            6
   e - Orb of Destruction             Conjuration                  7
   f - Spellforged Servitor           Conjuration/Summoning        7
Comestibles
 d - 39 rations
 W - 13 chunks of flesh


   Skills:
 - Level 10.5 Fighting
 - Level 8.5 Maces & Flails
 - Level 1.0 Armour
 + Level 7.0 Dodging
 - Level 2.1 Stealth
 - Level 4.1 Shields
 + Level 11.1 Spellcasting
 - Level 9.5 Conjurations
 - Level 4.1 Translocations
 - Level 0.7 Transmutations
 * Level 17.1 Earth Magic


You had 8 spell levels left.
You knew the following spells:

 Your Spells              Type           Power        Failure   Level  Hunger
a - Sandblast             Erth           ######       0%          1    None
b - Passwall              Tmut/Erth      #####.....   1%          2    None
c - Stone Arrow           Conj/Erth      ######       1%          3    None
d - Lee's Rapid Deconstr  Erth           ######....   1%          5    ####...
e - Petrify               Tmut/Erth      #####...     2%          4    #......
f - Blink                 Tloc           N/A          3%          2    None
g - Bolt of Magma         Conj/Fire/Erth ######....   8%          5    ####...
h - Iron Shot             Conj/Erth      ######....   7%          6    ######.


Dungeon Overview and Level Annotations

Branches:
Dungeon (13/15)            Temple (1/1) D:4            Lair (6/6) D:9
  Swamp (0/4) Lair:4       Spider (0/4) Lair:2        Slime (0/5) Lair:5
    Orc (0/2) D:11         Vaults (0/5) D:13

Altars:
Ashenzari
Cheibriados
Dithmenos
Elyvilon
Fedhas
Gozag
Hepliaklqana
Kikubaaqudgha
Makhleb
Nemelex Xobeh
Okawaru
Qazlal
Ru
Sif Muna
Trog
Uskayaw
Vehumet
Wu Jian
Xom
Yredelemnul
Zin
The Shining One
Jiyva

Shops:
D:5 %(   D:8 %   D:10 !   D:11 [   D:13 =

Annotations:
D:4 2 transporters
D:7 1 transporter
D:11 1 exclusion


Innate Abilities, Weirdness & Mutations

You are resistant to torment.
Your stone body is resilient. (AC +11)
You are immune to poison.
Your large and strong wings let you fly indefinitely.
You resist negative energy. (rN+)
You are resistant to electric shocks. (rElec)
You can survive without breathing.
You are immune to petrification.
You are immune to rotting.


Message History

The crystal spear hits you!
You puncture the hippogriff!
The hippogriff is moderately wounded.
The hippogriff misses you.
The hippogriff pecks you but does no damage.
The hippogriff closely misses you.
The wizard mumbles some strange words.
You feel troubled.
The wizard points at you and mumbles some strange words.
The crystal spear hits you!
Unknown command.
Okay, then.
As you read the scroll of teleportation, it crumbles to dust.
You feel strangely unstable.
The hippogriff bites you but does no damage.
The hippogriff barely misses you.
The hippogriff claws you but does no damage.
The wizard points at you and mumbles some strange words.
The crystal spear hits you!
You die...

*,,,,,,,,* *,* ###....###
+,,,,,,,,* #.# #.#p...#
*,,,,,,,,**#####.#######.'....#
********,,,,...#.#.......#....#
*,,,,,..#.#......p####$#**
*,,,,,,.#.#.......# *...,
*,,,,,,,#.#.....pp# *####
********#H#######p# #@# #.# #.#
#.# #p#######.# #p...p.p..#
###########


You could see a hippogriff, a wizard and a human.

Vanquished Creatures
  Gastronok (D:8)
  An ogre mage (D:13)
  The ghost of vatarom the Protected, a journeyman GnWn of Nemelex Xobeh (D:10)
  5 hydras
  Erica (D:10)
  4 catoblepae
  9 two-headed ogres
  5 death yaks
  A slime creature (D:12)
  2 unseen horrors (D:10)
  A lindwurm (Lair:6)
  Pikel (D:5)
  2 necromancers (D:13)
  An orb spider (Lair:2)
  An ugly thing (D:11)
  A deep elf mage (D:12)
  2 orc knights
  2 oklob plants (Lair:2)
  2 manticores (Lair:6)
  2 cyclopes
  Maurice (D:11)
  6 black mambas
  A gargoyle (D:11)
  11 spiny frogs
  12 elephants
  4 komodo dragons
  3 rime drakes
  The ghost of Gremour the Basher, a novice GrFi (D:4)
  A queen bee (Lair:1)
  A polar bear (Lair:6)
  2 trolls
  16 blink frogs
  6 hippogriffs
  A spriggan (Lair:1)
  44 yaks
  5 wyverns
  15 humans (D:13)
  2 basilisks
  Grum (D:8)
  2 hungry ghosts
  2 vampire mosquitoes (D:7)
  A warg (D:12)
  4 insubstantial wisps (Lair:4)
  2 hell hounds (D:9)
  17 water moccasins
  6 porcupines
  8 orc warriors
  A black bear (D:12)
  2 ice beasts
  6 sky beasts
  3 phantoms
  A slave (D:5)
  2 eyes of draining (D:11)
  2 necrophages
  6 ogres
  2 centaurs
  8 wolves
  11 crocodiles
  The ghost of sankara the Cudgeler, an amateur GrMo (D:3)
  14 bullfrogs
  Blork the orc (D:5)
  A scorpion (D:6)
  33 killer bees
  2 electric eels
  3 howler monkeys
  7 crimson imps
  3 bullfrog zombies
  4 centaur zombies
  7 jellies
  4 orc priests
  9 hounds
  6 orc wizards
  2 centaur skeletons
  An iguana (D:6)
  5 hell rats
  8 worker ants
  4 hound zombies
  2 hound skeletons
  6 gnolls
  9 adders
  4 shadow imps
  An ooze (Lair:5)
  2 adder zombies
  An adder skeleton (D:2)
  5 worms
  5 dart slugs
  3 leopard geckos
  41 orcs
  2 bats (D:1)
  5 giant cockroaches
  4 goblins
  7 hobgoblins
  A jackal (D:1)
  5 quokkas
  3 ball pythons
  3 frilled lizards
  19 kobolds
  A leopard gecko skeleton (D:6)
  A quokka skeleton (D:4)
  4 rats
  A bush (Lair:3)
  A plant (Lair:2)
515 creatures vanquished.

Vanquished Creatures (others)
  22 fungi
  20 plants
42 creatures vanquished.

Grand Total: 557 creatures vanquished

Notes
Turn   | Place    | Note
-------+----------+-------------------------------------------
     0 | D:1      | keltmir the Gargoyle Earth Elementalist began the quest for the Orb.
     0 | D:1      | Reached XP level 1. HP: 10/10 MP: 3/3
   232 | D:1      | Reached skill level 4 in Earth Magic
   232 | D:1      | Reached XP level 2. HP: 16/16 MP: 3/5
   248 | D:1      | Reached skill level 1 in Fighting
   548 | D:1      | Learned a level 2 spell: Passwall
   705 | D:1      | Reached XP level 3. HP: 20/20 MP: 4/6
   977 | D:2      | Learned a level 3 spell: Stone Arrow
  1170 | D:2      | Reached XP level 4. HP: 24/26 MP: 3/7
  1513 | D:3      | Reached skill level 5 in Earth Magic
  1796 | D:3      | Noticed sankara's ghost (amateur GrMo)
  1844 | D:3      | Killed sankara's ghost
  1844 | D:3      | Reached skill level 1 in Armour
  1844 | D:3      | Reached XP level 5. HP: 15/31 MP: 0/9
  2665 | D:4      | Found a transporter.
  2672 | D:4      | Noticed a kobold demonologist
  2687 | D:4      | Found a staircase to the Ecumenical Temple.
  2687 | D:4      | Noticed Gremour's ghost (novice GrFi)
  2700 | Temple   | Entered the Ecumenical Temple
  2829 | Temple   | Became a worshipper of Sif Muna the Loreminder
  3059 | D:4      | Found a transporter.
  3093 | D:4      | Reached skill level 6 in Earth Magic
  3093 | D:4      | Reached XP level 6. HP: 31/36 MP: 5/10
  3462 | D:4      | Found a hide-covered altar of Uskayaw.
  3741 | D:5      | Entered Level 5 of the Dungeon
  3741 | D:5      | Found Guybeymm's Food Shop.
  3741 | D:5      | Noticed an ice beast
  3748 | D:5      | Killed an ice beast
  3775 | D:5      | Reached skill level 1 in Maces & Flails
  3811 | D:5      | Noticed Pikel
  3811 | D:5      | Noticed a slave
  3811 | D:5      | Noticed a slave
  3811 | D:5      | Noticed Blork the orc
  3812 | D:5      | Noticed a slave
  3812 | D:5      | Noticed a slave
  3831 | D:5      | Killed a slave
  3851 | D:5      | Killed Pikel
  3851 | D:5      | Reached skill level 7 in Earth Magic
  3851 | D:5      | Reached XP level 7. HP: 26/43 MP: 2/13
  4061 | D:4      | Killed Gremour's ghost
  4061 | D:4      | Reached * piety under Sif Muna
  4061 | D:4      | Reached skill level 8 in Earth Magic
  4061 | D:4      | Reached XP level 8. HP: 42/48 MP: 0/14
  4170 | D:5      | Found a radiant altar of Vehumet.
  4206 | D:5      | Killed Blork the orc
  4248 | D:5      | Found Xasanoklis's Weapon Boutique.
  4259 | D:5      | Bought 17 stones for 20 gold pieces
  4562 | D:5      | Found a glowing silver altar of Zin.
  4595 | D:5      | Found a basalt altar of Yredelemnul.
  4620 | D:5      | Found an ornate altar of the Wu Jian Council.
  4934 | D:6      | Reached skill level 5 in Fighting
  5072 | D:6      | Reached skill level 1 in Shields
  5072 | D:6      | Reached skill level 9 in Earth Magic
  5289 | D:6      | Noticed a hippogriff
  5295 | D:6      | Killed a hippogriff
  5295 | D:6      | Reached skill level 5 in Spellcasting
  5295 | D:6      | Reached XP level 9. HP: 54/54 MP: 0/16
  5902 | D:6      | Reached ** piety under Sif Muna
  5902 | D:6      | Reached skill level 10 in Earth Magic
  5989 | D:6      | Learned a level 5 spell: Lee's Rapid Deconstruction
  5994 | D:6      | Learned a level 4 spell: Petrify
  6587 | D:7      | Found a transporter.
  6853 | D:7      | Found an iron altar of Okawaru.
  7021 | D:7      | Reached skill level 11 in Earth Magic
  7588 | D:8      | Reached XP level 10. HP: 61/61 MP: 9/19
  7748 | D:8      | Noticed a two-headed ogre
  7966 | D:8      | Killed a two-headed ogre
  8250 | D:8      | Noticed Gastronok
  8251 | D:8      | Noticed Grum
  8463 | D:7      | Reached skill level 12 in Earth Magic
  8584 | D:8      | Killed Grum
  8803 | D:8      | Killed Gastronok
  8803 | D:8      | Reached *** piety under Sif Muna
  8803 | D:8      | Reached skill level 5 in Maces & Flails
  8803 | D:8      | Reached XP level 11. HP: 62/68 MP: 1/21
  9116 | D:8      | Found Kuosidot's Food Emporium.
  9164 | D:8      | Reached skill level 13 in Earth Magic
  9302 | D:8      | Found a blossoming altar of Fedhas.
  9524 | D:9      | Found a staircase to the Lair.
  9562 | D:9      | Found a flagged portal.
  9571 | Bailey   | Entered a bailey
  9647 | Bailey   | Noticed an orc knight
  9742 | Bailey   | Killed an orc knight
 10945 | D:9      | Learned a level 2 spell: Blink
 11087 | D:10     | Entered Level 10 of the Dungeon
 11087 | D:10     | Noticed a two-headed ogre
 11187 | D:9      | Killed a two-headed ogre
 11187 | D:9      | Reached **** piety under Sif Muna
 11187 | D:9      | Reached skill level 1 in Translocations
 11235 | D:10     | Noticed vatarom's ghost (journeyman GnWn)
 11262 | D:10     | Killed vatarom's ghost
 11427 | D:10     | Noticed a two-headed ogre
 11434 | D:10     | Killed a two-headed ogre
 11893 | D:10     | Noticed an unseen horror
 11900 | D:10     | Killed an unseen horror
 12067 | D:10     | Noticed Erica
 12083 | D:10     | Killed Erica
 12246 | D:10     | Found a sparkling altar of Nemelex Xobeh.
 12273 | D:10     | Noticed an unseen horror
 12278 | D:10     | Killed an unseen horror
 12278 | D:10     | Reached XP level 12. HP: 76/76 MP: 12/24
 12361 | D:10     | Found Posujum's Distillery.
 12367 | D:10     | Bought a potion of lignification for 45 gold pieces
 12367 | D:10     | Bought a potion of invisibility for 120 gold pieces
 12367 | D:10     | Bought a potion of berserk rage for 75 gold pieces
 13428 | D:11     | Noticed a two-headed ogre
 13438 | D:11     | Killed a two-headed ogre
 13513 | D:11     | Noticed Maurice
 13531 | D:11     | Killed Maurice
 13708 | D:11     | Found Estibbom's Armour Emporium.
 13858 | D:11     | Reached skill level 14 in Earth Magic
 14156 | D:11     | Found a staircase to the Orcish Mines.
 14493 | D:12     | Reached skill level 10 in Fighting
 15009 | D:12     | Noticed a two-headed ogre
 15017 | D:12     | Killed a two-headed ogre
 15017 | D:12     | Reached ***** piety under Sif Muna
 15920 | Lair:1   | Entered Level 1 of the Lair of Beasts
 15920 | Lair:1   | Noticed a four-headed hydra
 16145 | Lair:1   | Received a gift from Sif Muna
 16217 | Lair:1   | Reached skill level 1 in Conjurations
 16805 | Lair:1   | Reached XP level 13. HP: 83/83 MP: 26/26
 18659 | Lair:2   | Found a hole to the Spider Nest.
 18675 | Lair:2   | Reached skill level 15 in Earth Magic
 18872 | Lair:2   | Reached skill level 5 in Conjurations
 20611 | Lair:4   | Identified Sif Muna's Grimoire of Flying Bewitchment (Sif Muna gifted it to you on level 4 of the Lair of Beasts)
 20611 | Lair:4   | Received a gift from Sif Muna
 20884 | Lair:3   | Learned a level 5 spell: Bolt of Magma
 20913 | Lair:4   | Found a staircase to the Swamp.
 21737 | Lair:5   | Found a runed door.
 21738 | Lair:5   | Found a viscous altar of Jiyva.
 21740 | Lair:5   | Found a staircase to the Slime Pits.
 22046 | Lair:5   | Learned a level 6 spell: Iron Shot
 22266 | Lair:5   | Reached skill level 5 in Dodging
 22486 | Lair:5   | Reached skill level 10 in Spellcasting
 22486 | Lair:5   | Gained mutation: Your large and strong wings let you fly indefinitely. [Gargoyle growth]
 22486 | Lair:5   | Reached XP level 14. HP: 88/88 MP: 8/28
 23462 | Lair:6   | Entered Level 6 of the Lair of Beasts
 25115 | Lair:5   | Received a gift from Sif Muna
 25310 | Lair:6   | Reached skill level 16 in Earth Magic
 27030 | Lair:6   | Found the +8 Wrath of Trog {antimagic, *Rage}
 27045 | Lair:6   | Got a vibrating steel ring
 27047 | Lair:6   | Identified the ring "Ixaolocu" {Fire *Drain rN++ Str+4 Stlth-} (You found it on level 6 of the Lair of Beasts)
 27462 | D:13     | Reached XP level 15. HP: 93/93 MP: 2/29
 27466 | D:13     | Found Jywkorar's Jewellery Emporium.
 27670 | D:13     | Reached skill level 17 in Earth Magic
 27832 | D:13     | Found a gate to the Vaults.
 27871 | D:13     | Killed from afar by a wizard

Skill      XL: |  1  2  3  4  5  6  7  8  9 10 11 12 13 14 15 |
---------------+----------------------------------------------+-----
Earth Magic    | 4 5 6 7 8 9 11 12 13 14 15 16 17 | 17.1
Fighting       | 1 2 4 5 6 8 9 10 | 10.5
Armour         | 1 |  1.0
Spellcasting   | 3 4 5 6 7 8 9 10 11 | 11.1
Maces & Flails | 2 3 5 6 7 8 |  8.5
Shields        | 2 4 |  4.1
Translocations | 4 |  4.1
Dodging        | 3 5 6 7 |  7.0
Conjurations   | 1 7 9 |  9.5
Stealth        | |  2.1
Transmutations | |  0.7

Action                   |  1- 3 |  4- 6 |  7- 9 | 10-12 | 13-15 || total
-------------------------+-------+-------+-------+-------+-------++-------
Melee: Morningstar       |       |    32 |   175 |   121 |   472 ||   800
       Whip              |       |       |       |    66 |    74 ||   140
 Cast: Sandblast         |    38 |    80 |    16 |   177 |    25 ||   336
       Stone Arrow       |       |     4 |    81 |   253 |   319 ||   657
       Lee's Rapid Decon |       |       |       |     5 |     5 ||    10
       Petrify           |       |       |       |     4 |     4 ||     8
       Blink             |       |       |       |     2 |       ||     2
       Bolt of Magma     |       |       |       |       |    31 ||    31
       Iron Shot         |       |       |       |       |    52 ||    52
Evoke: Wand              |       |       |       |     9 |     7 ||    16
  Use: Scroll            |     2 |     8 |     4 |    12 |     8 ||    34
       Potion            |       |       |       |     3 |     1 ||     4
 Stab: Petrified         |       |       |       |     3 |     1 ||     4
  Eat: Chunk             |     1 |     9 |     7 |    33 |    38 ||    88
       Ration            |       |       |     3 |       |     7 ||    10
Armor: Robe              |     1 |       |       |       |       ||     1
       Ring mail         |       |    52 |   124 |   216 |   465 ||   857
       Leather armour    |       |     2 |       |       |       ||     2
Dodge: Dodged            |     5 |    49 |   144 |   384 |   871 ||  1453
Block: Buckler           |       |       |    32 |   100 |   221 ||   353
